 Dungeon Crawl Stone Soup version 0.26-a0-812-g31a745ddcd (webtiles) character file.

Game seed: 15127498649658527807

2970 dracos369 the Destroyer (level 9, -4/57 HPs)
             Began as a Demonspawn Conjurer on Oct 26, 2020.
             Was a Believer of Dithmenos.
             Slain by a slime creature (13 damage)
             ... on level 7 of the Dungeon on Nov 19, 2020.
             The game lasted 00:26:51 (8042 turns).

dracos369 the Destroyer (Demonspawn Conjurer)       Turns: 8042, Time: 00:26:51

Health: -4/57      AC:  5    Str:  7    XL:     9   Next: 52%
Magic:  0/15       EV: 12    Int: 33    God:    Dithmenos [**....]
Gold:   246        SH:  4    Dex: 12    Spells: 2/16 levels left

rFire    . . .     SeeInvis +   l - +0 dagger (venom)
rCold    + . .     Faith    .   t - +0 buckler
rNeg     . . .     Spirit   +   h - +0 robe
rPois    .         Reflect  .   (helmet restricted)
rElec    .         Harm     +   B - scarf {harm}
rCorr    .         Rampage  .   (no gloves)
MR       .....                  f - +2 pair of boots
Stlth    ++........             j - amulet of magic regeneration
HPRegen  0.19/turn              w - +6 ring of intelligence
MPRegen  0.39/turn              K - ring of see invisible

@: wreathed by umbra
A: horns 2, cold resistance 1, magic shield, big brain 2
a: Shadow Step, Renounce Religion


You were on level 7 of the Dungeon.
You worshipped Dithmenos.
Dithmenos was pleased with you.
You visited 2 branches of the dungeon, and saw 9 of its levels.

You collected 528 gold pieces.
You spent 282 gold pieces at shops.

Inventory:

Hand Weapons
 l - a +0 dagger of venom (weapon)
Missiles
 d - 8 curare-tipped darts (quivered)
 H - 3 silver javelins
Armour
 f - a +2 pair of boots (worn)
 h - a +0 robe (worn)
 n - a +1 chain mail of poison resistance
 t - a +0 buckler (worn)
 B - a scarf of harm (worn)
Magical Staves
 s - an uncursed staff of death
Jewellery
 a - a +6 ring of dexterity
 j - an amulet of magic regeneration (around neck)
 k - an uncursed ring of protection from cold
 w - a +6 ring of intelligence (left hand)
 K - a ring of see invisible (right hand)
Wands
 o - a wand of flame (24)
 A - a wand of random effects (7)
Scrolls
 b - 4 scrolls of identify
 c - a scroll of amnesia {unknown}
 e - 4 scrolls of fear
 g - 3 scrolls of remove curse {unknown}
 i - 4 scrolls of enchant weapon
 m - a scroll of fog {unknown}
 q - 3 scrolls of noise {unknown}
 v - a scroll of enchant armour {unknown}
 y - 4 scrolls of magic mapping {unknown}
 C - a scroll of blinking {unknown}
 E - a scroll of silence
 F - a scroll of teleportation
 G - a scroll of random uselessness {unknown}
 J - a scroll of immolation {unknown}
Potions
 p - a potion of mutation
 r - 2 potions of curing
 u - a potion of ambrosia {unknown}
 x - a potion of resistance {unknown}
 z - a potion of might {unknown}
 D - a potion of lignification {unknown}
 I - 2 potions of attraction
 L - a potion of flight


   Skills:
 - Level 1.7 Dodging
 - Level 1.7 Stealth
 + Level 2.0 Shields
 - Level 4.0 Spellcasting
 + Level 10.4 Conjurations
 - Level 6.0 Hexes
 + Level 4.2 Translocations


You had 2 spell levels left.
You knew the following spells:

 Your Spells              Type           Power        Failure   Level
a - Magic Dart            Conj           ####         1%          1
b - Searing Ray           Conj           ######       1%          2
f - Fulminant Prism       Conj/Hex       ######....   2%          4
m - Iskenderun's Mystic   Conj/Tloc      ######..     3%          4
z - Dazzling Flash        Conj/Hex       ######       1%          3

Your spell library contained the following spells:

 Spells                   Type           Power        Failure   Level


Dungeon Overview and Level Annotations

Branches:
Dungeon (8/15)             Temple (1/1) D:6
   Lair: D:8-11

Altars:
Ashenzari
Cheibriados
Dithmenos
Elyvilon
Fedhas
Gozag
Hepliaklqana
Kikubaaqudgha
Makhleb
Nemelex Xobeh
Okawaru
Qazlal
Ru
Sif Muna
Trog
Uskayaw
Vehumet
Wu Jian
Xom
Yredelemnul
Zin
The Shining One

Shops:
D:5 ?   D:6 }


Innate Abilities, Weirdness & Mutations

You have a pair of horns on your head.
Your flesh is cold resistant. (rC+)
When hurt, damage is shared between your health and your magic reserves.
You have an extremely huge brain. (Int +4)


Message History

The slime creature looks more healthy. x2; The bullfrog barely misses you.
A slime creature suddenly becomes a very large slime creature.
Found a scroll of identify.
There is a stone staircase leading up here.
The white imp hits you but does no damage.
You climb upwards.
There is a stone staircase leading down here.
You completely miss the slime creature. You headbutt the slime creature.
The slime creature is lightly wounded.
The slime creature closely misses you. The white imp closely misses you.
You barely miss the slime creature.
The slime creature is lightly wounded.
The slime creature hits you.
* * * LOW HITPOINT WARNING * * *
The white imp gestures at you. You block the puff of frost.
You hit the slime creature.
The slime creature is lightly wounded.
The slime creature hits you!
You die...

#.##...#...#(#.##....#
#.###..#...#.#.......# ###
#............#.##.#.##
..###########..#..(...##...#
..................#.########
..############....#.# ..#
#.........#.# ..#
#####.#####5.##.# ###
#.....# #J@##.# #.#####
#####.# #.# #.####### #.#
#.......# #.# #######.# #.#
#)# ## #.# #####.# .# #.#
#<))..# .## #.# #######


You could see a slime creature and a white imp.

Vanquished Creatures
  Joseph (D:7)
  A slime creature (D:8)
  Sigmund (D:2)
  Eustachio (D:6)
  Menkaure (D:6)
  A black bear (D:6)
  An ice beast (D:7)
  2 centaurs
  4 ogres
  The ghost of p0werm0de the Skirmisher, an amateur GrFi of Cheibriados (D:3)
  A big kobold (D:8)
  A scorpion (D:5)
  6 killer bees (D:7)
  4 howler monkeys
  3 electric eels (D:6)
  A jelly (D:6)
  An orc priest (D:2)
  A centaur skeleton (D:4)
  A hound (D:7)
  2 orc wizards
  A bullfrog skeleton (D:5)
  Jessica (D:3)
  3 iguanas
  5 worker ants
  A hound zombie (D:8)
  2 hound skeletons (D:5)
  A worker ant zombie (D:7)
  A gnoll (D:1)
  3 adders
  2 shadow imps
  An adder zombie (D:3)
  4 worms
  10 dart slugs
  8 leopard geckos
  15 orcs
  6 bats
  7 giant cockroaches
  7 goblins
  7 hobgoblins
  A quokka (D:2)
  A ball python (D:4)
  11 frilled lizards
  12 kobolds
  2 leopard gecko skeletons
  14 rats
161 creatures vanquished.

Vanquished Creatures (others)
  9 fulminant prisms
9 creatures vanquished.

Grand Total: 170 creatures vanquished

Notes
Turn   | Place    | Note
-------+----------+-------------------------------------------
     0 | D:1      | dracos369 the Demonspawn Conjurer began the quest for the
                  | Orb.
     0 | D:1      | Reached XP level 1. HP: 13/13 MP: 3/3
   209 | D:1      | Gained mutation: When hurt, damage is shared between your
                  | health and your magic reserves. [demonic ancestry]
   209 | D:1      | Reached XP level 2. HP: 15/19 MP: 0/5
   587 | D:1      | You fall into a shaft and drop 1 floor!
   627 | D:1      | Learned a level 2 spell: Searing Ray
  1030 | D:1      | Reached skill level 5 in Conjurations
  1055 | D:1      | Reached XP level 3. HP: 24/24 MP: 2/6
  1228 | D:1      | You fall into a shaft and drop 1 floor!
  1228 | D:2      | Found a shimmering altar of Xom.
  1355 | D:2      | Noticed Sigmund
  1400 | D:2      | Killed Sigmund
  1400 | D:2      | Reached skill level 6 in Conjurations
  1400 | D:2      | Gained mutation: You have an unusually large brain. (Int
                  | +2) [demonic ancestry]
  1400 | D:2      | Reached XP level 4. HP: 17/30 MP: 1/7
  1400 | D:2      | Gained mutation: You have a pair of small horns on your
                  | head. [demonic ancestry]
  1400 | D:2      | Reached XP level 5. HP: 20/35 MP: 1/8
  1822 | D:2      | Learned a level 3 spell: Dazzling Flash
  1955 | D:1      | Reached skill level 7 in Conjurations
  2326 | D:2      | Reached skill level 1 in Hexes
  2329 | D:2      | Gained mutation: You have an extremely huge brain. (Int +4)
                  | [demonic ancestry]
  2329 | D:2      | Reached XP level 6. HP: 19/41 MP: 2/9
  2946 | D:3      | Noticed Jessica
  2950 | D:3      | Killed Jessica
  3060 | D:3      | Found a transporter.
  3060 | D:3      | Noticed p0werm0de's ghost (amateur GrFi)
  3078 | D:3      | Found a transporter.
  3323 | D:3      | Killed p0werm0de's ghost
  3731 | D:4      | Found a shadowy altar of Dithmenos.
  3740 | D:4      | Became a worshipper of Dithmenos the Shadowed
  3953 | D:4      | Reached XP level 7. HP: 46/46 MP: 8/10
  3959 | D:4      | Learned a level 4 spell: Fulminant Prism
  4690 | D:5      | Entered Level 5 of the Dungeon
  4752 | D:5      | Reached skill level 8 in Conjurations
  4905 | D:5      | Reached * piety under Dithmenos
  5455 | D:5      | Found Niyriw's Magic Scroll Shoppe.
  5460 | D:5      | Bought a scroll of silence for 90 gold pieces
  5460 | D:5      | Bought a scroll of teleportation for 36 gold pieces
  5460 | D:5      | Bought a scroll of enchant weapon for 90 gold pieces
  5460 | D:5      | Bought a scroll of fear for 42 gold pieces
  5460 | D:5      | Bought a scroll of identify for 24 gold pieces
  5725 | D:6      | Found Majo's Gadget Emporium.
  5763 | D:6      | Gained mutation: Your flesh is cold resistant. (rC+)
                  | [demonic ancestry]
  5763 | D:6      | Reached XP level 8. HP: 52/52 MP: 14/14
  6534 | D:6      | Noticed Menkaure
  6539 | D:6      | Killed Menkaure
  6539 | D:6      | Reached skill level 5 in Hexes
  6697 | D:6      | Noticed Eustachio
  6703 | D:6      | Killed Eustachio
  6703 | D:6      | Reached skill level 9 in Conjurations
  6713 | D:6      | Found a staircase to the Ecumenical Temple.
  6719 | Temple   | Entered the Ecumenical Temple
  6929 | D:6      | Learned a level 4 spell: Iskenderun's Mystic Blast
  6977 | D:7      | Noticed Joseph
  7008 | D:7      | Killed Joseph
  7008 | D:7      | Gained mutation: You have a pair of horns on your head.
                  | [demonic ancestry]
  7008 | D:7      | Reached XP level 9. HP: 53/57 MP: 8/15
  7152 | D:7      | Reached skill level 10 in Conjurations
  7686 | D:7      | Reached skill level 1 in Shields
  7971 | D:7      | Upgraded the game from 0.26-a0-651-gb41185065b to
                  | 0.26-a0-812-g31a745ddcd
  8001 | D:8      | Reached ** piety under Dithmenos
  8042 | D:7      | Slain by a slime creature

Illustrated notes

Levels and vault maps discovered:
D:1:      dpeg_arrival_windows_large_door, layout_loops_corners,
          minmay_hexomino_p4
D:2:      layout_loops_cross, old_standard_altar, minmay_misc_feat_hallway,
          uniq_sigmund
D:3:      layout_loops_ring, gammafunk_ghost_mausoleum, uniq_jessica
D:4:      layout_basic, grunt_ministairs_9, nicolae_dithmenos_the_darkroom
D:5:      layout_loops_ring, serial_shops, kennysheep_little_box
D:6:      kennysheep_slugbush, layout_loops_ring, minmay_temple_entry_fiery,
          serial_shops, kennysheep_mini, uniq_eustachio, uniq_menkaure
D:7:      layout_basic, uniq_joseph
D:8:      layout_cave_pools, serial_park, uniq_maggie
Temple:   dpeg_three_leaves_temple

Skill      XL: |  1  2  3  4  5  6  7  8  9 |
---------------+----------------------------+-----
Conjurations   | 5 6 7 8 9 10 | 10.4
Hexes          | 1 3 4 6 |  6.0
Spellcasting   | 4 |  4.0
Translocations | 2 4 |  4.2
Shields        | 2 |  2.0
Dodging        | |  1.7
Stealth        | |  1.7

Action                   |  1- 3 |  4- 6 |  7- 9 || total
-------------------------+-------+-------+-------++-------
Melee: Whip              |    79 |       |       ||    79
       Dagger            |       |    75 |   139 ||   214
       Headbutt          |       |     8 |    24 ||    32
       Staff             |       |     5 |       ||     5
 Cast: Magic Dart        |    26 |    37 |    37 ||   100
       Searing Ray       |     3 |    12 |    23 ||    38
       Fulminant Prism   |       |       |     9 ||     9
  Use: Potion            |     1 |       |     3 ||     4
       Scroll            |       |       |     4 ||     4
 Stab: Sleeping          |     3 |     3 |     2 ||     8
       Invisible         |     2 |       |       ||     2
Armor: Robe              |    24 |    14 |    38 ||    76
Dodge: Dodged            |    68 |    50 |   114 ||   232
Block: Buckler           |       |       |     7 ||     7

Table legend: (Time is in decaauts)
 A = Elapsed time spent in this place.
 B = Non-inter-level travel time spent in this place.
 C = Inter-level travel time spent in this place.
 D = Time resting spent in this place.
 E = Time spent auto-exploring this place.
 F = Levels seen in this place.
 G = Mean time per level.
                   A        B        C        D        E       F      G
               +--------+--------+--------+--------+--------+-----+--------+
         Total |   8064 |   7774 |    290 |    931 |   5497 |   9 |  896.0 |
       Dungeon |   7983 |   7707 |    276 |    931 |   5432 |   8 |  997.9 |
        Temple |     80 |     66 |     14 |      0 |     65 |   1 |   80.0 |
               +--------+--------+--------+--------+--------+-----+--------+

Top non-repeatable levels by time:
     D:1: 1514 daAuts
     D:6: 1406 daAuts
     D:4: 1262 daAuts
     D:2: 1246 daAuts
     D:7: 1016 daAuts
     D:5: 763 daAuts
     D:3: 706 daAuts
  Temple: 80 daAuts
     D:8: 67 daAuts
